 Dungeon Crawl Stone Soup version 0.28-a0-390-gb254ac4902 (webtiles) character file.

Game seed: 6452883199925198183

1515 omnomnOMINOUS the Magician (level 8, -2/57 HPs)
             Began as an Octopode Wanderer on Sept 3, 2021.
             Was a Priest of Ashenzari.
             Killed from afar by a steam dragon (21 damage)
             ... with a ball of steam
             ... on level 7 of the Dungeon on Sept 4, 2021.
             The game lasted 00:15:49 (7688 turns).

omnomnOMINOUS the Magician (Octopode Wanderer)      Turns: 7688, Time: 00:15:49

Health: -2/57      AC:  3    Str: 10    XL:     8   Next: 83%
Magic:  17/17      EV: 15    Int: 18    God:    Ashenzari [***...]
Gold:   320        SH:  0    Dex: 11    Spells: 19/19 levels left

rFire   x . .      SeeInvis +   b - +3 dagger
rCold   + + .      Faith    .   (no shield)
rNeg    . . .      Spirit   .   B - +2 hat of Ashenzari's Portent {Fort, Evo} (curse)
rPois   .          Reflect  .   e - amulet "Share My Sybil" {RegenMP, Range, Elem} (curse)
rElec   .          Harm     .   j - ring of Ashenzari's Chagrin {Fly, Comp, Alch} (curse)
rCorr   .          Rampage  .   p - ring of the Chained Regret {rC+, Cun, Fort} (curse)
Will    .....      Clarity  +   r - ring "Omen of Ashenzari" {Fly, Range, Elem} (curse)
Stlth   ++........              w - ring "Share My Mistrust" {Ice, Bglg, Range} (curse)
HPRegen 0.19/turn               (no ring)
MPRegen 0.40/turn               (no ring)
                                (no ring)
                                (no ring)

@: flying
A: almost no armour, amphibious, 8 rings, camouflage 1, gelatinous body 1,
(nimble swimmer 1), tentacles
a: Renounce Religion, Shatter the Chains


You were on level 7 of the Dungeon.
You worshipped Ashenzari.
Ashenzari was most pleased with you.
You visited 1 branch of the dungeon, and saw 7 of its levels.

You collected 320 gold pieces.

Inventory:

Hand Weapons
 a - a +2 shortbow
 b - a +3 dagger (weapon)
Missiles
 h - 76 arrows
Armour
 B - the cursed +2 hat of Ashenzari's Portent (worn) {Fort, Evo}
   (You found it on level 6 of the Dungeon)

   It has a curse which improves the following skills: Fortitude: Shields.
   Evocations: Evocations.
Magical Staves
 c - a staff of fire
 A - a staff of air
Jewellery
 e - the cursed amulet "Share My Sybil" (around mantle) {RegenMP, Range, Elem}
   (You found it on level 1 of the Dungeon)

   [amulet of magic regeneration]

   It increases your rate of magic regeneration.
   It has a curse which improves the following skills: Ranged Combat: Slings,
   Bows, Crossbows and Throwing.
   Elements:  Fire Magic, Ice Magic, Air Magic and Earth Magic.
 j - the cursed ring of Ashenzari's Chagrin (left tentacle) {Fly, Comp, Alch}
   (You found it on level 2 of the Dungeon)

   [ring of flight]

   Fly:       It grants you flight.
   It has a curse which improves the following skills: Companions: Summonings
   and Necromancy.
   Alchemy:   Poison Magic and Transmutations.
 p - the cursed ring of the Chained Regret (right tentacle) {rC+, Cun, Fort}
   (You found it on level 3 of the Dungeon)

   [ring of protection from cold]

   rC:        It protects you from cold.
   It has a curse which improves the following skills: Cunning: Dodging and
   Stealth.
   Fortitude: Shields.
 r - the cursed ring "Omen of Ashenzari" (on tentacle) {Fly, Range, Elem}
   (You found it on level 4 of the Dungeon)

   [ring of flight]

   Fly:       It grants you flight.
   It has a curse which improves the following skills: Ranged Combat: Slings,
   Bows, Crossbows and Throwing.
   Elements:  Fire Magic, Ice Magic, Air Magic and Earth Magic.
 w - the cursed ring "Share My Mistrust" (on tentacle) {Ice, Bglg, Range}
   (You found it on level 6 of the Dungeon)

   [ring of ice]

   It enhances your ice magic.
   rF:        It makes you vulnerable to fire.
   rC:        It protects you from cold.
   It has a curse which improves the following skills: Beguiling: Conjurations,
   Hexes and Translocations.
   Ranged Combat: Slings, Bows, Crossbows and Throwing.
Wands
 g - a wand of charming (4)
 z - a wand of flame (9)
Scrolls
 d - a scroll of fog
 f - a scroll of enchant weapon
 l - 2 scrolls of teleportation
 q - a scroll of magic mapping
 s - 2 scrolls of immolation
 t - 3 scrolls of enchant armour
 v - a scroll of amnesia
 x - a scroll of vulnerability
 y - a scroll of blinking
 D - a scroll of brand weapon
Potions
 i - 2 potions of flight
 k - a potion of cancellation
 m - 2 potions of mutation
 n - a potion of haste
 o - a potion of brilliance
 u - a potion of might
 C - a potion of curing


   Skills:
 + Level 5.9 Fighting
 - Level 1.0 Axes
 - Level 4.0(7.5) Bows
 - Level 1.0(3.1) Throwing
 + Level 5.9(7.8) Dodging
 - Level 1.0(2.6) Shields
 * Level 6.4 Spellcasting


You had 19 spell levels left.
You didn't know any spells.
Your spell library contained the following spells:

 Spells                   Type           Power      Damage    Failure   Level
 Gell's Gravitas          Tloc           3%         N/A       30%         3
 Lesser Beckoning         Tloc           6%         N/A       30%         3
 Teleport Other           Tloc           6%         N/A       30%         3


Dungeon Overview and Level Annotations

Branches:
Dungeon (7/15)             Temple (0/1) D:6

Altars:
Ashenzari
Okawaru
Sif Muna
Trog
Uskayaw
Yredelemnul

Shops:
D:6 [

Portals:
Bailey: D:7

Annotations:
D:3 3 runed translucent doors, SageKRM's ghost, amateur DDGl
D:5 exclusion: two-headed ogre


Innate Abilities, Weirdness & Mutations

You cannot wear most types of armour.
You are amphibious.
You can wear up to eight rings at the same time.
Your skin changes colour to match your surroundings (Stealth+).
Your rubbery body absorbs attacks. (AC +1, EV +1)
((You are camouflaged near water. (Stealth+)))
You have tentacles for arms and can constrict up to eight enemies at once.


Message History

The ice beast hits you. The ice beast freezes you. You resist.
Aiming: Throw Flame
Press: ? - help, Shift-Dir - straight line, f/p - ice beast
Aim: an ice beast (almost dead, 68% to hit)
The puff of flame misses the ice beast.
The ice beast barely misses you.
Aiming: Throw Flame
Press: ? - help, Shift-Dir - straight line, f/p - ice beast
Aim: an ice beast (almost dead, 68% to hit)
The puff of flame hits the ice beast!
The ice beast melts!
You kill the ice beast!
You hear the faint creaking of a distant portcullis.
Found 13 gold pieces.
Ashenzari invites you to partake of a vision and a curse of fortitude and evocations.
Your +2 hat glows black for a moment.
Ashenzari will now keep your mind clear.
Found a +0 cloak.
You now have 320 gold pieces (gained 13).
Found 8 gold pieces.
A wight comes into view.
It is wielding a +3 hand axe of freezing.
A steam dragon comes into view.
Found a flagged portal.
The steam dragon hisses angrily.
You hear a shout!
A wight comes into view.
It is wielding a +2 great sword of freezing.
A gnoll, a gnoll sergeant and a wight come into view.
The centaur shouts!
The centaur shoots an arrow.
The arrow hits you!
Unknown command.
Okay, then.
Unknown command.
Aiming: Charm
Press: ? - help, Shift-Dir - straight line, f - centaur
Aim: a centaur, wielding a +0 shortbow and quivering arrows (chance to affect: 46%)
The centaur resists with some effort.
The gnoll shouts!
The centaur shoots an arrow.
The arrow hits you!
A wight comes into view. It is wielding a +0 great sword.
A gnoll comes into view. It is wielding a +0 flail.
The steam dragon breathes steam at you. The ball of steam hits you!!
The steam scalds you terribly!
You die...

,,,,,,*,,,,*>*,***,,,...(..####*,
*******,*..#.#.#***,##..#..# *, *
*,,,,.8.....,,,,,...[..# *,
*,,8,g.z.8..,***#......# *,
*,,,,gc.D...,* #...#*,*****,
*,,,,g......** #...#*,,,,,,,
*****8,,,z∩z..§8* #...#****,*,*
,,,,,,,,,......§#####...#####.*,,
,,,,,,,,,..$.z..@.............***
,,,,,,,8,....8................,,,
>,,,,,,,,.8...................,,,
,,,,,,**,#.##.#.#####...#####,,,,
**,**,**,.,...#.* #...# *,,,,
**,**,,,,,.##*#.* #...# *,,,,
**,*****,#,***#.* #...# *,,,,
**,*****,*,,,,..* #...# *,>,,
**,,,,,,,******** ##.## **,,,


You could see a gnoll sergeant, a centaur, 3 wights and 2 gnolls.

Vanquished Creatures
  A water moccasin (D:6)
  An ice beast (D:7)
  A black bear (D:5)
  2 ogres (D:4)
  A necrophage (D:6)
  Blork the orc (D:6)
  2 bullfrogs (D:6)
  2 scorpions (D:6)
  A water moccasin zombie (D:5)
  A water moccasin skeleton (D:5)
  A bullfrog zombie (D:5)
  4 jellies
  An orc priest (D:4)
  3 hounds
  A bullfrog skeleton (D:6)
  An iguana (D:4)
  2 hound zombies (D:5)
  A howler monkey zombie (D:5)
  7 adders
  4 worms
  6 dart slugs
  11 orcs
  11 ball pythons
  5 bats
  8 endoplasms
  3 giant cockroaches
  3 goblins
  9 hobgoblins
  3 jackals (D:3)
  8 kobolds
  4 rats
109 creatures vanquished.

Notes
Turn   | Place    | Note
-------+----------+-------------------------------------------
     0 | D:1      | omnomnOMINOUS the Octopode Wanderer began the quest for the
                  | Orb.
     0 | D:1      | omnomnOMINOUS set off with the following items: a +2
                  | shortbow, 21 arrows, a potion of lignification, a +0 hand
                  | axe
     0 | D:1      | Reached XP level 1. HP: 16/16 MP: 1/1
   129 | D:1      | Reached skill level 1 in Dodging
   193 | D:1      | Reached XP level 2. HP: 21/21 MP: 2/2
   587 | D:1      | Reached XP level 3. HP: 26/26 MP: 3/3
  1523 | D:2      | Reached XP level 4. HP: 25/31 MP: 3/5
  1641 | D:2      | Reached skill level 1 in Spellcasting
  1828 | D:2      | Found a faded altar of an unknown god.
  1831 | D:2      | Became a worshipper of Ashenzari the Shackled
  2319 | D:3      | Found a runed translucent gate.
  2319 | D:3      | Found a runed translucent gate.
  2319 | D:3      | Found a runed translucent gate.
  2320 | D:3      | Noticed SageKRM's ghost (amateur DDGl)
  2441 | D:3      | Reached * piety under Ashenzari
  2681 | D:3      | Found a shimmering blue altar of Sif Muna.
  2685 | D:3      | Found a bloodstained altar of Trog.
  3020 | D:3      | Reached XP level 5. HP: 17/36 MP: 7/7
  3257 | D:3      | Found a basalt altar of Yredelemnul.
  3260 | D:3      | Found a hide-covered altar of Uskayaw.
  3262 | D:3      | Found an iron altar of Okawaru.
  3522 | D:4      | Noticed an ogre
  3532 | D:4      | Killed an ogre
  3533 | D:4      | Reached skill level 2 in Spellcasting
  3728 | D:4      | Reached XP level 6. HP: 7/43 MP: 8/10
  3741 | D:4      | Reached skill level 3 in Spellcasting
  4417 | D:4      | Reached XP level 7. HP: 27/48 MP: 12/12
  4927 | D:5      | Entered Level 5 of the Dungeon
  5072 | D:5      | Reached skill level 4 in Spellcasting
  5298 | D:5      | Reached ** piety under Ashenzari
  5425 | D:5      | Noticed a two-headed ogre
  6129 | D:6      | Found Qasuff's Antique Armour Shop.
  6173 | D:6      | Reached skill level 5 in Fighting
  6173 | D:6      | Reached skill level 5 in Spellcasting
  6173 | D:6      | Reached XP level 8. HP: 39/55 MP: 15/15
  6182 | D:6      | Reached skill level 5 in Dodging
  6563 | D:6      | Found a staircase to the Ecumenical Temple.
  7090 | D:6      | Noticed Blork the orc
  7096 | D:6      | Killed Blork the orc
  7137 | D:6      | Reached skill level 6 in Spellcasting
  7679 | D:7      | Reached *** piety under Ashenzari
  7686 | D:7      | Found a flagged portal.
  7688 | D:7      | Killed from afar by a steam dragon

Illustrated notes

Levels and vault maps discovered:
D:1:      lightli_arrival_statue_moat, layout_basic
D:2:      layout_basic, shapermc_ecumenical_altar_mp_vishouse
D:3:      layout_loops_corners, nicolae_overflow_hidden_temple,
          ebering_ghost_rock_garden
D:4:      layout_cave_pods
D:5:      layout_loops_corners
D:6:      layout_gridville, minmay_temple_entry_grid, serial_shops, shop,
          uniq_blork_the_orc
D:7:      layout_loops_cross, serial_shops, shop, enter_bailey_6

Skill      XL: |  1  2  3  4  5  6  7  8 |
---------------+-------------------------+-----
Dodging        | 1 2 3 4 5 |  5.9
Spellcasting   | 1 2 3 5 6 |  6.4
Fighting       | 4 5 |  5.9
Axes           | |  1.0
Bows           | |  4.0
Throwing       | |  1.0
Shields        | |  1.0

Action                   |  1- 3 |  4- 6 |  7- 9 || total
-------------------------+-------+-------+-------++-------
Melee: Dagger            |    40 |   112 |    92 ||   244
       Constrict         |     6 |    20 |    20 ||    46
       Tentacles         |     6 |    11 |    13 ||    30
 Fire: Shortbow          |    42 |    24 |    64 ||   130
Invok: Curse Item        |       |     3 |     3 ||     6
Evoke: Wand              |       |       |    11 ||    11
  Use: Potion            |       |     3 |     2 ||     5
       Scroll            |       |       |     2 ||     2
 Stab: Sleeping          |     6 |     8 |     3 ||    17
       Distracted        |     1 |       |       ||     1
Armor: Skin              |     4 |    31 |     9 ||    44
Dodge: Dodged            |    22 |    56 |   109 ||   187

Table legend: (Time is in decaauts)
 A = Elapsed time spent in this place.
 B = Non-inter-level travel time spent in this place.
 C = Inter-level travel time spent in this place.
 D = Time resting spent in this place.
 E = Time spent auto-exploring this place.
 F = Levels seen in this place.
 G = Mean time per level.
                   A        B        C        D        E       F      G
               +--------+--------+--------+--------+--------+-----+--------+
         Total |   7672 |   7439 |    233 |   2009 |   4206 |   7 | 1096.0 |
       Dungeon |   7672 |   7439 |    233 |   2009 |   4206 |   7 | 1096.0 |
               +--------+--------+--------+--------+--------+-----+--------+

Top non-repeatable levels by time:
     D:6: 1476 daAuts
     D:3: 1441 daAuts
     D:4: 1403 daAuts
     D:5: 1190 daAuts
     D:1: 1122 daAuts
     D:2: 959 daAuts
     D:7: 78 daAuts
